[Event "*** Titled Tuesday Blitz"]
[Site "Chess.com"]
[Date "2021.02.16"]
[Round "4"]
[White "McCarthyStone"]
[Black "Vugar_Manafov"]
[Result "1/2-1/2"]
[WhiteElo "2381"]
[BlackElo "2650"]
[TimeControl "180+1"]
[EndTime "10:41:23 PST"]
[Termination "Game drawn by repetition"]

1. g3 Nf6 2. Bg2 g6 3. c4 Bg7 4. Nc3 O-O 5. e4 d6 6. Nge2 Nc6 7. O-O e5 8. d3 Nd7 9. Rb1 f5 10. f4 fxe4 11. dxe4 Nc5 12. b4 Ne6 13. b5 Ncd4 14.
Nxd4 Nxd4 15. Be3 Be6 16. Qd3 Qd7 17. Bxd4 exd4 18. Ne2 c5 19. bxc6 Qxc6 20. Nxd4 Qc5 21. Rfd1 Bxc4 22. Qd2 b5 23. Kh1 Rad8 24. Rbc1 a6 25. Ne6 Bxe6 26. Rxc5 dxc5 27. Qxd8 Rxd8 28. Rxd8+ Kf7 29. e5 Bxa2 30. Rd7+ Kf8 31. Ra7 b4 32. Rxa6 Bf7 33. Rc6 c4 34. Bf1 Bd5+ 35. Bg2 Bxc6 36. Bxc6 b3 37. Bd5 b2 38. Be4 Ke7 39. Kg2 Kd7 40. Kf2 Kc7 41. Ke2 c3 42. Bb1 Bf8 43. Kd3 Bb4 44. Kc4 Ba5 45. Kb5 Bb6 46. Kc4 Ba5 47.
Kb5 Bb6 48. Kc4 Ba5 1/2-1/2

[Event "*** Titled Tuesday Blitz"]
[Site "Chess.com"]
[Date "2021.02.16"]
[Round "4"]
[White "esrosenberg"]
[Black "ljuks68"]
[Result "0-1"]
[WhiteElo "2116"]
[BlackElo "2391"]
[TimeControl "180+1"]
[EndTime "10:41:23 PST"]
[Termination "ljuks68 won by resignation"]

1. Nf3 d5 2. c4 c6 3. d4 Nf6 4. Nc3 dxc4 5. a4 Bf5 6. e3 e6 7. a5 Bb4 8. Qa4 Qe7 9. Bxc4 O-O 10. O-O Nbd7 11. Be2 Bd6 12. h3 e5 13. e4 exd4 14. Nxd4 Bxe4 15. Bg5 Qe5 16. f4 Qc5 17. Rac1 b5 18.
Nxe4 Nxe4 19. Rxc5 bxa4 20. Rxc6 Bc5 21. Rd1 f6 22. Bf3 fxg5 23. Bxe4 Rxf4 24. Re6 Rd8 25.
Kh1 Nf8 26. Bd5 Rxd5 0-1

[Event "*** Titled Tuesday Blitz"]
[Site "Chess.com"]
[Date "2021.02.16"]
[Round "4"]
[White "blank0923"]
[Black "ChronicUnhappiness"]
[Result "0-1"]
[WhiteElo "2442"]
[BlackElo "2319"]
[TimeControl "180+1"]
[EndTime "10:41:24 PST"]
[Termination "ChronicUnhappiness won by checkmate"]

1. c4 e6 2. Nc3 d5 3. d4 Bb4 4. Qb3 c5 5. dxc5 Nc6 6. Nf3 d4 7. a3 Ba5 8. Qc2 dxc3 9. b4 Bc7 10. Qxc3 Qf6 11. Bb2 Qxc3+ 12. Bxc3 Nf6 13. g3 O-O 14. Bg2 Ne4 15. Bb2 f5 16. O-O Rd8 17. Rfd1 Bd7 18.
Kf1 Be8 19. Nd4 Nxd4 20. Bxd4 Ba4 21. Rd3 Bc2 22. Be5 Bxe5 23. Rxd8+ Rxd8 24. Rc1 Bb2 25. Re1 Bxa3 26. f3 Nc3 27. Kg1 Bxb4 28. e4 fxe4 29.
fxe4 Rd1 30. Rxd1 Bxd1 31. e5 Bxc5+ 32. Kf1 b6 33. Bc6 Be2+ 34. Ke1 Bxc4 35. Kd2 Nb5 36. g4 a5 37. Kc2 a4 38. g5 a3 39. g6 hxg6 40. h4 Bd4 41. Bxb5 Bxb5 42. Kb3 Bc5 43. h5 gxh5 44. Kc2 Bc4 45. Kc3 b5 46. Kd2 Bd4 47.
Kc1 a2 48. Kc2 a1=Q 49. Kd2 Qc3+ 50. Kd1 Qb2 51. Ke1 Qe2# 0-1

[Event "*** Titled Tuesday Blitz"]
[Site "Chess.com"]
[Date "2021.02.16"]
[Round "4"]
[White "ikhasu"]
[Black "biostatistician"]
[Result "0-1"]
[WhiteElo "2414"]
[BlackElo "2612"]
[TimeControl "180+1"]
[EndTime "10:41:25 PST"]
[Termination "biostatistician won on time"]

1. e4 e6 2. d4 d5 3. Nd2 Nc6 4. Ngf3 Nf6 5. e5 Ne4 6. Bd3 Nxd2 7. Bxd2 Nb4 8. Bxb4 Bxb4+ 9. c3 Be7 10. h4 c5 11.
dxc5 Bxc5 12. O-O Bd7 13. c4 Bc6 14. cxd5 Qxd5 15. Be2 O-O 16. Qc2 Bb6 17. Rfd1 Qe4 18. Qxe4 Bxe4 19. Rac1 Rfd8 20. Kf1 Kf8 21. Nd2 Bc6 22. Nc4 Bc7 23. f4 Ke7 24. b3 f6 25.
exf6+ gxf6 26. g3 Rxd1+ 27. Rxd1 Rd8 28. Rxd8 Bxd8 29. Kf2 b5 30. Ne3 Bb6 31. Bf3 Bd7 32.
Ke2 f5 33. Kd3 a5 34. g4 fxg4 35. Nxg4 Be8 36. Ne5 Kd6 37. Be4 h6 38. Bg6 Bxg6+ 39. Nxg6 h5 40. Ne5 Kd5 41. Nd7 Bd8 42. Ne5 Bxh4 43.
Ng6 Bf6 44. Ke3 h4 45. Nf8 e5 46. fxe5 Bxe5 47. Ng6 h3 0-1

[Event "*** Titled Tuesday Blitz"]
[Site "Chess.com"]
[Date "2021.02.16"]
[Round "4"]
[White "Aya5ian"]
[Black "Kaiyrbekov"]
[Result "1-0"]
[WhiteElo "2338"]
[BlackElo "2105"]
[TimeControl "180+1"]
[EndTime "10:41:27 PST"]
[Termination "Aya5ian won on time"]

1. Nf3 d5 2. c4 Nf6 3. cxd5 Nxd5 4. e4 Nb6 5. d4 Bg4 6. Be2 e6 7. O-O Be7 8. Be3 O-O 9. Nbd2 Nc6 10. a4 a5 11. Rc1 Nb4 12. h3 Bxf3 13. Nxf3 Qd7 14.
b3 Rad8 15. Ne5 Qc8 16. f4 f6 17. Nc4 e5 18. Nxb6 Qb8 19. Nd5 exd4 20. Bxd4 Nxd5 21. exd5 Rxd5 22. Bc4 Rd8 23. Re1 Bb4 24. Qf3 c6 25. Bxd5+ Rxd5 26. Red1 1-0

[Event "*** Titled Tuesday Blitz"]
[Site "Chess.com"]
[Date "2021.02.16"]
[Round "4"]
[White "TimKett"]
[Black "mr_gustavo"]
[Result "1/2-1/2"]
[WhiteElo "2207"]
[BlackElo "2381"]
[TimeControl "180+1"]
[EndTime "10:41:28 PST"]
[Termination "Game drawn by repetition"]

1. e4 c5 2. Nf3 d6 3. d4 cxd4 4. Nxd4 Nf6 5. Nc3 a6 6. Bc4 e6 7.
Bb3 Nbd7 8. O-O Nc5 9. Bg5 Be7 10. f4 Nfxe4 11. Bxe7 Qxe7 12. f5 Nxc3 13. bxc3 Nxb3 14. fxe6 Nxd4 15. exf7+ Kf8 16. Qxd4 Qe5 17. Qh4 Be6 18. Rae1 Qc5+ 19. Kh1 Qd5 20. c4 Qxc4 21. Rf4 Qc8 22.
Qh5 Qc3 23. Rfe4 Bxf7 24. Qf5 Qf6 25. Qd7 g6 26. Kg1 Kg7 27. Rf1 Rhd8 28. Qxb7 Rab8 29.
Qc7 Rbc8 30. Qb7 Rb8 31. Qc7 Rdc8 32. Qd7 Rd8 33. Qc7 1/2-1/2

[Event "*** Titled Tuesday Blitz"]
[Site "Chess.com"]
[Date "2021.02.16"]
[Round "4"]
[White "12teen"]
[Black "PavelShkapenko"]
[Result "1/2-1/2"]
[WhiteElo "2866"]
[BlackElo "2701"]
[TimeControl "180+1"]
[EndTime "10:41:31 PST"]
[Termination "Game drawn by repetition"]

1. g3 Nf6 2. Bg2 e5 3. d3 Bc5 4. Nc3 O-O 5. e4 Re8 6. h3 c6 7. Nge2 d5 8. O-O h6 9. Kh2 dxe4 10. Nxe4 Nxe4 11. Bxe4 Nd7 12. Bg2 Nf6 13. Nc3 Bf5 14.
f4 e4 15. g4 Bh7 16. f5 exd3 17. cxd3 Bd6+ 18. Kh1 Qe7 19. Qf3 Rad8 20. Bd2 Bb8 21. Rad1 Rd4 22. Ne4 Nxe4 23. dxe4 Rxe4 24. Rde1 Rxe1 25.
Rxe1 Qd8 26. Rxe8+ Qxe8 27. Bc3 f6 28. Qd3 Kh8 29.
h4 Bg8 30. Bf3 Qe7 31. g5 fxg5 32. f6 gxf6 33. Qg6 Be5 34. Qxh6+ Bh7 35. Bxe5 Qxe5 36. Qf8+ Bg8 37. Qh6+ Bh7 38. Qf8+ Bg8 39. Qh6+ Bh7 1/2-1/2

[Event "*** Titled Tuesday Blitz"]
[Site "Chess.com"]
[Date "2021.02.16"]
[Round "4"]
[White "Kislov_Oleg"]
[Black "GM_Crest"]
[Result "1-0"]
[WhiteElo "2537"]
[BlackElo "2731"]
[TimeControl "180+1"]
[EndTime "10:41:32 PST"]
[Termination "Kislov_Oleg won by resignation"]

1. d4 d5 2. Nc3 e6 3. e4 Bb4 4.
exd5 exd5 5. Bd3 Nc6 6. Ne2 Nge7 7. O-O Bf5 8. Bg5 Bxd3 9. Qxd3 Qd7 10. a3 Ba5 11. b4 Bb6 12. b5 Na5 13. Bxe7 Kxe7 14. Nf4 c6 15. Rfe1+ Kf8 16. bxc6 bxc6 17. Re2 Bc7 18.
Nh5 Qg4 19. Qe3 Bd6 20. Rae1 Kg8 21. Ng3 g6 22. h3 Qh4 23. Qf3 Kg7 24. Nxd5 cxd5 25.
Qxd5 Rad8 26. Qxa5 Qxd4 27. Qg5 Rdf8 28. Nf5+ 1-0

[Event "*** Titled Tuesday Blitz"]
[Site "Chess.com"]
[Date "2021.02.16"]
[Round "4"]
[White "dosto07"]
[Black "Rodchenkov_Vitalij"]
[Result "1-0"]
[WhiteElo "2424"]
[BlackElo "2565"]
[TimeControl "180+1"]
[EndTime "10:41:32 PST"]
[Termination "dosto07 won by resignation"]

1. d4 Nf6 2. Nf3 d6 3. Nc3 Bg4 4. e4 Bxf3 5. Qxf3 e5 6. dxe5 dxe5 7. Bc4 Be7 8. O-O c6 9. Rd1 Qc7 10. a4 a5 11. Ne2 Nbd7 12. Ng3 g6 13. Bh6 Bf8 14.
Bg5 Bg7 15. Rd2 h6 16. Be3 O-O 17. h4 Rfd8 18. h5 Nf8 19. hxg6 Nxg6 20. Nf5 Kh7 21. Rad1 Rxd2 22. Rxd2 Nf4 23. Bxf4 exf4 24. Nd6 Ne8 25. Nxf7 Nf6 26. e5 Nd5 27. Qe4+ Kg8 28. Nd6 Qe7 29.
Bxd5+ cxd5 30. Qxd5+ Kh8 31. e6 Rd8 32. Nf7+ Kh7 33.
Nxd8 f3 34. Qf5+ Kg8 35. Qf7+ Qxf7 36. exf7+ Kf8 1-0

[Event "*** Titled Tuesday Blitz"]
[Site "Chess.com"]
[Date "2021.02.16"]
[Round "4"]
[White "elindisguise"]
[Black "GMJustin"]
[Result "1-0"]
[WhiteElo "2463"]
[BlackElo "2310"]
[TimeControl "180+1"]
[EndTime "10:41:32 PST"]
[Termination "elindisguise won by checkmate"]

1. d4 Nf6 2. Bf4 c5 3. e3 Qb6 4.
Nc3 Qxb2 5. Nb5 Nd5 6. Rb1 Qxa2 7. Ra1 Qb2 8. Rb1 Qa2 9. Ra1 Qb2 10. Nf3 a6 11. Rb1 Qa2 12. Ra1 Qb2 13. Bc4 Nc3 14.
Nxc3 Qxc3+ 15. Nd2 cxd4 16. O-O Nc6 17. Qe2 dxe3 18.
fxe3 e6 19. Ne4 Qb4 20. Rfb1 Qe7 21. Nd6+ Kd8 22. e4 g6 23. e5 Bg7 24. Be3 Qh4 25.
Bb6+ Ke7 26. Bc5 Kd8 27. Nxf7+ Ke8 28. Nd6+ Kd8 29. Rf1 Rf8 30. Rxf8+ Bxf8 31. Rf1 Be7 32. Bb6# 1-0

[Event "*** Titled Tuesday Blitz"]
[Site "Chess.com"]
[Date "2021.02.16"]
[Round "4"]
[White "soumeow"]
[Black "Alex-11211"]
[Result "0-1"]
[WhiteElo "2209"]
[BlackElo "2413"]
[TimeControl "180+1"]
[EndTime "10:41:32 PST"]
[Termination "Alex-11211 won on time"]

1. Nf3 g6 2. c4 Bg7 3. d4 c5 4. d5 Nf6 5. Nc3 O-O 6. e4 d6 7. Bd3 e6 8. O-O exd5 9. exd5 Bg4 10. h3 Bxf3 11. Qxf3 Nfd7 12. Qd1 Ne5 13. Be2 f5 14. Rb1 Nbd7 15. b3 a6 16. Bb2 Qh4 17. Re1 Rae8 18.
Qc2 Nf7 19. Bf1 Ng5 20. Rbd1 Bd4 21. Bc1 Ne5 22. Bxg5 Qxg5 23. Kh2 Qf4+ 24. Kg1 Qg3 25. Re2 Nf3+ 0-1

[Event "*** Titled Tuesday Blitz"]
[Site "Chess.com"]
[Date "2021.02.16"]
[Round "4"]
[White "BJthechessgod"]
[Black "AldokhinIvan"]
[Result "0-1"]
[WhiteElo "2278"]
[BlackElo "2444"]
[TimeControl "180+1"]
[EndTime "10:41:35 PST"]
[Termination "AldokhinIvan won on time"]

1. e4 c5 2. Nf3 e6 3. d4 cxd4 4. Nxd4 a6 5. Nc3 Qc7 6. Bd3 Nf6 7. O-O Bd6 8. g3 Nc6 9. Nxc6 dxc6 10. Be3 h5 11. f4 Ng4 12. Bd2 e5 13. f5 b5 14.
h3 Nf6 15. Be3 Bb7 16. Qf3 c5 17. Nd5 Bxd5 18. exd5 e4 19. Bxe4 O-O-O 20. Bf4 Bxf4 21. Qxf4 Nxe4 22. Qxe4 Qxg3+ 23. Qg2 Qxg2+ 24. Kxg2 Rxd5 25. f6 Rd2+ 26. Kh1 g5 27. Rf5 g4 28. Rxc5+ Kb7 29.
Rg1 Re8 30. Rxh5 Ree2 31. hxg4 Rxc2 32. g5 Kc6 33. Rh6 Kd6 34. g6 fxg6 35. Rgxg6 Ke6 36. Rh7 Re1+ 37. Rg1 Rxg1+ 38. Kxg1 Rxb2 39. f7 Ke7 40.
Rh6 Rxa2 41. Rf6 Kf8 42. Kf1 b4 43. Ke1 b3 44. Kd1 Ra1+ 45. Kd2 b2 46. Rb6 b1=Q 47. Rb8+ Qxb8 0-1

[Event "*** Titled Tuesday Blitz"]
[Site "Chess.com"]
[Date "2021.02.16"]
[Round "4"]
[White "ellennilssen"]
[Black "Orest_Vovk"]
[Result "1-0"]
[WhiteElo "2239"]
[BlackElo "2395"]
[TimeControl "180+1"]
[EndTime "10:41:35 PST"]
[Termination "ellennilssen won by resignation"]

1. c4 d6 2. Nc3 Kd7 3. g3 c6 4.
d4 Kc7 5. e4 Bd7 6. Bg2 Be8 7.
Nf3 Kc8 8. b4 Nd7 9. d5 g6 10.
Be3 Bg7 11. Rc1 Ngf6 12. O-O Ng4 13. Bd4 Bxd4 14. Nxd4 c5 15. bxc5 dxc5 16. Qxg4 cxd4 17. Nb5 Qb6 18. e5 h5 19. Qe4 a6 20. Nxd4 Nc5 21.
Qe3 Ba4 22. Rb1 Qc7 23. Nb3 Bxb3 24. axb3 a5 25. b4 axb4 26. Rxb4 Kd8 27. d6 exd6 28.
exd6 Qxd6 29. Qg5+ Kc7 30. Rb5 f5 31. Qe3 b6 32.
Bxa8 Rxa8 33. Re1 Ne4 34. f3 Nxg3 35. Qe7+ Qxe7 36. Rxe7+ Kd6 37. Re1 h4 38. hxg3 hxg3 39. f4 Ra3 40. Rd5+ Kc7 41. Re7+ Kc8 42. Re6 Kc7 43. Rxg6 Rf3 44. Rxf5 1-0

[Event "*** Titled Tuesday Blitz"]
[Site "Chess.com"]
[Date "2021.02.16"]
[Round "4"]
[White "lachesisQ"]
[Black "A-Fier"]
[Result "1-0"]
[WhiteElo "3058"]
[BlackElo "2807"]
[TimeControl "180+1"]
[EndTime "10:41:38 PST"]
[Termination "lachesisQ won by resignation"]

1. e4 c5 2. Nf3 e6 3. d4 cxd4 4. Nxd4 Nf6 5. Nc3 d6 6. g4 h6 7.
Bg2 Nc6 8. Be3 Bd7 9. Nxc6 Bxc6 10. h4 h5 11. g5 Ng4 12. Qd2 Nxe3 13. Qxe3 g6 14.
O-O-O Bg7 15. f4 Qe7 16. Rd2 O-O 17. Rhd1 Rfd8 18. Kb1 b5 19. Ne2 a6 20. Nd4 Bb7 21. Qf2 e5 22. Nf5 gxf5 23. exf5 e4 24. f6 Bxf6 25.
gxf6 Qxf6 26. Qe3 d5 27. c3 Rd6 28. Bh3 Rad8 29. Rg1+ Kf8 30. Rd4 Qxh4 31. a3 Bc8 32.
Bxc8 Rxc8 33. Rg5 Rcd8 34. Ka2 Qh2 35. Rd2 Qh1 36. Qd4 Ke7 37. Re5+ Kf8 38. Qc5 Qf1 39.
Rexd5 e3 40. Rxd6 1-0

[Event "*** Titled Tuesday Blitz"]
[Site "Chess.com"]
[Date "2021.02.16"]
[Round "4"]
[White "AlexeiShirov"]
[Black "zeitnot2006"]
[Result "1-0"]
[WhiteElo "2836"]
[BlackElo "2534"]
[TimeControl "180+1"]
[EndTime "10:41:40 PST"]
[Termination "AlexeiShirov won by resignation"]

1. e4 c5 2. Nf3 e6 3. d4 cxd4 4.
Nxd4 Nc6 5. Nc3 Qc7 6. Be3 a6 7. Qf3 Nf6 8. O-O-O Ne5 9. Qg3 b5 10. f4 Neg4 11. Bg1 h5 12. Bd3 Bb7 13. h3 Nh6 14. Qe3 Rc8 15. Bf2 Bc5 16. Nce2 d5 17. e5 Ne4 18.
Bxe4 dxe4 19. g4 Bd5 20. Kb1 b4 21. Rhg1 Qa5 22. Nc1 Qc7 23. Qe2 Qb7 24. Ncb3 Ba7 25.
f5 O-O 26. gxh5 Nxf5 27. Nxf5 exf5 28. Bxa7 Bxb3 29. axb3 Qxa7 30. Qg2 f6 31. h6 g5 32. exf6 Kh7 33. Qxg5 Rg8 34. Qxf5+ Kh8 35. Rg7 Qc5 1-0

[Event "*** Titled Tuesday Blitz"]
[Site "Chess.com"]
[Date "2021.02.16"]
[Round "4"]
[White "KNCP_719"]
[Black "Sir_Frankie_Crisp"]
[Result "1-0"]
[WhiteElo "2604"]
[BlackElo "2269"]
[TimeControl "180+1"]
[EndTime "10:41:40 PST"]
[Termination "KNCP_719 won by resignation"]

1. e4 c5 2. Nf3 d6 3. Bb5+ Bd7 4. Bxd7+ Qxd7 5. O-O Nf6 6. Re1 Nc6 7. c3 e6 8. d4 cxd4 9. cxd4 d5 10. e5 Ne4 11.
Nbd2 Nxd2 12. Bxd2 Be7 13. Rc1 O-O 14. Rc3 Rac8 15.
a3 a6 16. Rd3 f6 17. Qe2 fxe5 18. Nxe5 Nxe5 19. Qxe5 Bf6 20. Qxe6+ Qxe6 21. Rxe6 Rc2 22. Rb6 Rfc8 23. Kf1 R8c4 24. Bc3 Rc7 25. Re6 Kf7 26. Re1 b5 27. Rf3 a5 28. Bxa5 R7c4 29. Bc3 Kf8 30. g4 h6 31. h4 Kg8 32. g5 hxg5 33. hxg5 Bxg5 34. Re5 Bf6 35. Rxd5 Rc1+ 36. Kg2 Rd1 37. Rxb5 Bxd4 38. Rf4 Rc5 39. Rb8+ 1-0

[Event "*** Titled Tuesday Blitz"]
[Site "Chess.com"]
[Date "2021.02.16"]
[Round "4"]
[White "Borsuk_Konstantin"]
[Black "Happy1712Drummer"]
[Result "0-1"]
[WhiteElo "2663"]
[BlackElo "2436"]
[TimeControl "180+1"]
[EndTime "10:41:40 PST"]
[Termination "Happy1712Drummer won by checkmate"]

1. d4 e6 2. c4 d5 3. Nc3 Be7 4.
Nf3 Nf6 5. g4 c5 6. cxd5 Nxd5 7.
e4 Nxc3 8. bxc3 cxd4 9. cxd4 Nc6 10. Be2 Qa5+ 11. Kf1 O-O 12. Be3 Rd8 13. h4 b6 14.
g5 Ba6 15. h5 Nxd4 16. Bxd4 e5 17. Nxe5 Rxd4 18. Qxd4 Rd8 19. Nc6 Bxe2+ 20. Kxe2 Qb5+ 21. Kf3 Rxd4 22. Nxd4 Qxg5 23. Nf5 Qf6 24. Rac1 Bc5 25. Kg4 g6 26. hxg6 fxg6 27. Nh6+ Kg7 28. f4 Qe6+ 29.
Kf3 Qxa2 30. Rcd1 Qf2+ 31. Kg4 Qg2+ 32. Kh4 Be7# 0-1

[Event "*** Titled Tuesday Blitz"]
[Site "Chess.com"]
[Date "2021.02.16"]
[Round "4"]
[White "AntonovaNadezhda"]
[Black "Tenamu"]
[Result "0-1"]
[WhiteElo "2156"]
[BlackElo "2412"]
[TimeControl "180+1"]
[EndTime "10:41:41 PST"]
[Termination "Tenamu won on time"]

1. b3 e5 2. Bb2 Nc6 3. e3 f5 4. Bb5 d6 5. d4 exd4 6. Bxd4 a6 7. Bxc6+ bxc6 8. Nf3 Nf6 9. O-O Be7 10. c4 O-O 11.
Bb2 c5 12. Nc3 Bb7 13. Nd5 Nxd5 14. cxd5 Bf6 15. Rb1 Bxb2 16. Rxb2 Qf6 17. Rd2 g5 18. Rd3 Rae8 19. Nd2 g4 20. Nc4 h5 21. Qd2 h4 22. Qa5 Re7 23. Rfd1 f4 24. exf4 Qxf4 25. Qd2 Qxd2 26. R3xd2 Rf4 27. g3 hxg3 28. hxg3 Rf5 29. Ne3 Rg5 30. Kg2 c6 31. Kf1 cxd5 32. Nxd5 Ree5 33.
Nf4 d5 34. Re1 d4 35. Rxe5 Rxe5 36. Nd3 Rh5 37. Ke2 Bf3+ 0-1

[Event "*** Titled Tuesday Blitz"]
[Site "Chess.com"]
[Date "2021.02.16"]
[Round "4"]
[White "CraiggoryC"]
[Black "Pelopidass"]
[Result "0-1"]
[WhiteElo "2230"]
[BlackElo "2594"]
[TimeControl "180+1"]
[EndTime "10:41:42 PST"]
[Termination "Pelopidass won on time"]

1. e4 c5 2. Nf3 d6 3. d4 cxd4 4. Nxd4 Nf6 5. Nc3 a6 6. Bc4 e6 7. O-O b5 8. Bb3 Be7 9. Qf3 Qb6 10. Be3 Qb7 11. Qg3 O-O 12. Bh6 Ne8 13. Rfe1 Kh8 14.
Bg5 Bxg5 15. Qxg5 Nf6 16. a3 Nc6 17. Nxc6 Qxc6 18. Rad1 Bb7 19. Rd3 Rfd8 20. Rg3 Ne8 21. Qe7 Kg8 22. Bxe6 fxe6 23. Qxe6+ Kh8 24. Qf7 h6 25. Qf8+ Kh7 26. Qf5+ Kh8 27. Qf8+ Kh7 28. Qf5+ Kg8 29. Qe6+ Kh8 30. Qf7 Qd7 31. Qf8+ Kh7 32. Nd5 Bxd5 33. exd5 Nf6 34. Qe7 Qxe7 35. Rxe7 Rg8 36. Rd3 Rae8 0-1

[Event "*** Titled Tuesday Blitz"]
[Site "Chess.com"]
[Date "2021.02.16"]
[Round "4"]
[White "GM_LOADING"]
[Black "josiwales"]
[Result "1-0"]
[WhiteElo "2484"]
[BlackElo "2623"]
[TimeControl "180+1"]
[EndTime "10:41:43 PST"]
[Termination "GM_LOADING won by resignation"]

1. d4 d5 2. Nf3 Nf6 3. c4 c6 4. Nc3 dxc4 5. e4 b5 6. e5 Nd5 7. Ne4 e6 8. Be2 Bb4+ 9. Bd2 O-O 10. O-O a5 11. a4 Na6 12. Qc2 Ra7 13. Neg5 f5 14. exf6 gxf6 15. Ne4 e5 16. Rad1 Bf5 17. Nh4 Qc8 18. axb5 cxb5 19. Bh6 Rd8 20. dxe5 Bxe4 21.
Qxe4 Nc5 22. Qf3 Nd3 23. Bxd3 cxd3 24. Rxd3 Qc4 25. Nf5 Bf8 26. Bxf8 Kxf8 27. Rfd1 a4 28. Nd6 Rxd6 29. exd6 Nb4 30. d7 1-0

[Event "*** Titled Tuesday Blitz"]
[Site "Chess.com"]
[Date "2021.02.16"]
[Round "4"]
[White "nonsopolo1"]
[Black "Problematique_99"]
[Result "0-1"]
[WhiteElo "2280"]
[BlackElo "2446"]
[TimeControl "180+1"]
[EndTime "10:41:43 PST"]
[Termination "Problematique_99 won on time"]

1. e4 c5 2. Nf3 Nc6 3. d4 cxd4 4. Nxd4 g6 5. Nc3 Bg7 6. Be3 Nf6 7. Be2 O-O 8. O-O d6 9. Nb3 Be6 10. f4 Qc8 11. h3 Rd8 12. Bf3 Rb8 13. a4 b6 14. Nd5 Nd7 15. c3 Re8 16. Qd2 Nc5 17. Nxc5 bxc5 18. Rf2 Na5 19. Qe2 Bd7 20. e5 dxe5 21. fxe5 Bxe5 22. b4 cxb4 23. Bxa7 Bxc3 24. Rc1 Nb3 25. Rb1 Nd4 0-1

[Event "*** Titled Tuesday Blitz"]
[Site "Chess.com"]
[Date "2021.02.16"]
[Round "4"]
[White "bennyficial"]
[Black "Danfii"]
[Result "1-0"]
[WhiteElo "2224"]
[BlackElo "2412"]
[TimeControl "180+1"]
[EndTime "10:41:43 PST"]
[Termination "bennyficial won by resignation"]

1. e4 e5 2. Nf3 Nc6 3. d4 exd4 4. Nxd4 Bc5 5. Nb3 Bb6 6. Nc3 Nge7 7. a4 a5 8. Qe2 O-O 9. Be3 Bxe3 10. Qxe3 f5 11.
Bc4+ Kh8 12. O-O-O d6 13. f4 fxe4 14. Nxe4 Nf5 15. Qf2 Qe8 16. Rhe1 Qg6 17. g3 Nb4 18.
Ng5 d5 19. Bd3 Nxd3+ 20. Rxd3 c6 21. Qe2 Bd7 22. Nc5 Rae8 23. Qd2 Bc8 24. Kb1 h6 25. Nf3 b6 26. Nb3 Rxe1+ 27. Qxe1 Re8 28. Qd2 Nd6 29.
Qd1 Nc4 30. Nbd2 Ne3 31. Qg1 Bf5 32. Rc3 Nxc2 33. Ka2 Nb4+ 34. Kb3 Bc2+ 35. Ka3 Qd6 36. Qxb6 Rb8 37. Qc5 Qg6 38. Ne5 Qe4 39. Nxe4 Bxe4 40. Nxc6 Nc2+ 41. Rxc2 Bxc2 42. Nxb8 1-0

[Event "*** Titled Tuesday Blitz"]
[Site "Chess.com"]
[Date "2021.02.16"]
[Round "4"]
[White "Alexsur1981"]
[Black "IMRosen"]
[Result "0-1"]
[WhiteElo "2837"]
[BlackElo "2626"]
[TimeControl "180+1"]
[EndTime "10:41:44 PST"]
[Termination "IMRosen won by checkmate"]

1. e4 e5 2. f4 d5 3. exd5 e4 4. d3 Nf6 5. dxe4 Nxe4 6. Nf3 Bc5 7. Bd3 f5 8. Qe2 O-O 9. Bxe4 fxe4 10. Ne5 Qxd5 11.
Nc3 Qd4 12. Nxe4 Bb6 13. c3 Qd5 14. Ng5 Bf5 15. c4 Qc5 16. g4 Nc6 17. gxf5 Nxe5 18. fxe5 Rxf5 19. Nf3 Re8 20. Kd1 Ref8 21. Nd2 Rf2 22.
Qd3 Qe7 23. Re1 Rd8 24. Qc3 Qh4 25. e6 Bd4 26. Qg3 Qh5+ 27. Kc2 Qf5+ 28. Kb3 Bf6 29. e7 Rd3+ 30. Ka4 Bxe7 31. Qe5 Qd7+ 32. Qb5 c6 33.
Qe5 b5+ 34. Ka5 Qd8+ 35. Ka6 Qb6# 0-1

[Event "*** Titled Tuesday Blitz"]
[Site "Chess.com"]
[Date "2021.02.16"]
[Round "4"]
[White "ajdemipopushi"]
[Black "Zq1"]
[Result "1-0"]
[WhiteElo "2359"]
[BlackElo "2510"]
[TimeControl "180+1"]
[EndTime "10:41:44 PST"]
[Termination "ajdemipopushi won by resignation"]

1. Nf3 Nf6 2. g3 d5 3. c4 e6 4. Bg2 Be7 5. O-O O-O 6. d4 c6 7. b3 b6 8. Qc2 Na6 9. Nc3 Bb7 10. Rd1 Rc8 11. e4 Qe8 12. Bb2 c5 13. exd5 exd5 14. dxc5 dxc4 15. cxb6 Nb4 16. Qe2 Nd3 17. bxc4 Nxb2 18.
Qxb2 Rxc4 19. bxa7 Qa8 20. Ne1 Bxg2 21. Nxg2 Bb4 22.
Nb5 Ne4 23. Qe2 Rfc8 24. Ne3 Ng5 25. Rd5 Nh3+ 26. Kg2 Re4 27. Kxh3 Rxe3 28. Qxe3 Qxd5 29. Rc1 Rf8 30. Nc7 Qf5+ 31. Kg2 h5 32. a8=Q 1-0

[Event "*** Titled Tuesday Blitz"]
[Site "Chess.com"]
[Date "2021.02.16"]
[Round "4"]
[White "onetowin"]
[Black "Michaelson_11"]
[Result "0-1"]
[WhiteElo "2007"]
[BlackElo "2263"]
[TimeControl "180+1"]
[EndTime "10:41:44 PST"]
[Termination "Michaelson_11 won by resignation"]

1. d4 Nf6 2. Nf3 g6 3. g3 Bg7 4.
Bg2 d6 5. O-O O-O 6. c4 c6 7. Nc3 Qb6 8. e4 Bg4 9. h3 Bxf3 10.
Bxf3 Nfd7 11. Be3 Qxb2 12. Na4 Qa3 13. Bc1 Qb4 14. Rb1 Qxc4 15. Rxb7 Qxd4 16. Qb3 Ne5 17. Bg2 Na6 18. Be3 Qc4 19. Rxe7 Qxb3 20. axb3 Rab8 21. f4 Nd3 22. Rd1 Rxb3 23. Rxa7 Nab4 24. Bf1 Nc2 25.
Rxd3 Rxd3 26. Bxd3 Nxe3 27. Kf2 Bd4 28. Ke2 Bxa7 29.
Nc3 Bd4 30. Na4 Ra8 0-1

[Event "*** Titled Tuesday Blitz"]
[Site "Chess.com"]
[Date "2021.02.16"]
[Round "4"]
[White "stoleriu"]
[Black "igorcadilhac"]
[Result "1-0"]
[WhiteElo "2609"]
[BlackElo "2339"]
[TimeControl "180+1"]
[EndTime "10:41:45 PST"]
[Termination "stoleriu won by resignation"]

1. e4 e5 2. Nf3 Nf6 3. Nxe5 d6 4. Nf3 Nxe4 5. c4 d5 6. Nc3 Nxc3 7. dxc3 Be6 8. Nd4 Qd7 9. Nxe6 Qxe6+ 10. Be3 dxc4 11. Qa4+ Qc6 12. Qxc4 Bd6 13. Qb3 O-O 14. O-O-O Na6 15.
Bb5 Qe4 16. Bd3 Qh4 17. Qxb7 Nc5 18. Qc6 Nxd3+ 19. Rxd3 a5 20. g3 Qh5 21. h4 a4 22.
a3 Rab8 23. Qxa4 Qe2 24. Qc2 Qf3 25. Rhd1 Qa8 26. a4 Qa5 27. Rd5 Qa6 28. Bc5 Bxc5 29.
Rxc5 Qb6 30. Rb5 Qa6 31. Rxb8 Rxb8 32. Qd3 g6 33. Qxa6 1-0

[Event "*** Titled Tuesday Blitz"]
[Site "Chess.com"]
[Date "2021.02.16"]
[Round "4"]
[White "guillembaches"]
[Black "Cecile-Haussernot"]
[Result "1-0"]
[WhiteElo "2468"]
[BlackElo "2313"]
[TimeControl "180+1"]
[EndTime "10:41:45 PST"]
[Termination "guillembaches won by checkmate"]

1. e4 c5 2. Nf3 d6 3. d4 cxd4 4.
Nxd4 Nf6 5. Nc3 a6 6. Be2 e5 7. Nf3 Be7 8. Bg5 Be6 9. Bxf6 Bxf6 10. Nd5 Nc6 11. c3 Bxd5 12. Qxd5 O-O 13. Rd1 Be7 14.
O-O Qb6 15. Qb3 Qxb3 16. axb3 b5 17. Ra1 Rfb8 18. Rfd1 Rb6 19. Rd5 Rab8 20. Ne1 Kf8 21.
Nc2 Ke8 22. Bg4 a5 23. g3 g6 24. h4 h5 25. Bh3 Kd8 26. Kf1 Kc7 27. Ke2 b4 28. c4 Bf8 29. f4 Bg7 30. f5 Rf8 31.
Rf1 Rbb8 32. Rdd1 Nd4+ 33. Nxd4 exd4 34. f6 Bh8 35. Rxd4 Rfe8 36. Kd3 Re5 37. Rd5 Rbe8 38.
Bg2 R5e6 39. Rxa5 Bxf6 40. Ra7+ Kb8 41. Rxf7 Bxb2 42. e5 dxe5 43. Rb7+ Kc8 44. Rff7 e4+ 45. Ke2 Be5 46. Bh3 Bd6 47. Ra7 Bc5 48. Bxe6+ Rxe6 49. Ra8# 1-0

[Event "*** Titled Tuesday Blitz"]
[Site "Chess.com"]
[Date "2021.02.16"]
[Round "4"]
[White "amintabatabaei"]
[Black "Maghalashvili"]
[Result "1-0"]
[WhiteElo "2920"]
[BlackElo "2712"]
[TimeControl "180+1"]
[EndTime "10:41:46 PST"]
[Termination "amintabatabaei won by resignation"]

1. d4 d5 2. Nf3 Nf6 3. Bf4 e6 4. e3 Bd6 5. Nbd2 O-O 6. Ne5 c5 7. c3 Nc6 8. h4 Qc7 9. Ndf3 Ne4 10. h5 f6 11. Nxc6 Bxf4 12. exf4 bxc6 13. g3 Rb8 14. Rb1 Qa5 15. Bd3 Qxa2 16. Qc1 cxd4 17. Nxd4 c5 18. Nf3 e5 19. h6 g6 20. O-O Bg4 21. Nh2 Bf5 22. Rd1 Qa5 23. Ra1 Qb6 24.
Qe3 c4 25. Bxe4 Qxe3 26. Bxd5+ Kh8 27. fxe3 Rxb2 28. Rxa7 Bd3 29. fxe5 fxe5 30. Ng4 Rbb8 31. Nxe5 Bc2 32. Rf1 1-0